AoeStats
← 天机

Arena

508628860Analyzed
1v1 RM · 9d ago on Sep 23, 2026· 25m 10s· 2 players
Game mode
Random Map
Map size
Tiny (2 player)
Population
200
Speed
Normal
Resources
Standard
Victory
Conquest
Starting age
Dark Age
Ending age
Imperial Age
RankedLock teamsTeams togetherTeam positionsShared explorationLock speedFull tech treeHidden civsTurbo modeCheats
Victory
Defeat
🇵🇹 Teutons · Portugal
1054
+17
🇨🇳 Chinese · China
1073
-17
Tlitado
5:20 Loom
8:07 Feudal Age
8:54 Double-Bit Axe
17:30 Fletching
24:45 Castle Age
23:23 Stone Mining
23:24 Gold Mining
天机
10:08 Feudal Age
9:25 Loom
16:46 Man-at-Arms
22:33 Scale Mail Armor
Connection lost

Rejoining the realm…

Still unreachable

The connection could not be restored.

Session expired

The server has moved on; the page needs a fresh start.